3A
MANCELONA TORCH @ GRAND FORKS CATERPILLARS
08/01/2031
 
TOP OF THE 1ST
Mancelona Torch batting - Pitching for Grand Forks Caterpillars : RHP Carlos Cardoso
Pitching: RHP Carlos Cardoso
Batting: SHB Ángel Pérez 0-0: Ball
1-0: Ball
2-0: Called Strike
2-1: Ground out 4-3 (Groundball, 34D)
Batting: RHB José Santos 0-0: Called Strike
0-1: Ball
1-1: Foul Ball, location: 2F
1-2: Ball
2-2: Strikes out swinging
Batting: RHB Emílio Agramónte 0-0: Ball
1-0: Swinging Strike
1-1: Foul Ball, location: 2F
1-2: Ball
2-2: Strikes out looking
Top of the 1st over - 0 runs, 0 hits, 0 errors, 0 left on base; Mancelona 0 - Grand Forks 0
BOTTOM OF THE 1ST
Grand Forks Caterpillars batting - Pitching for Mancelona Torch : LHP Raúl Hinojosa
Pitching: LHP Raúl Hinojosa
Batting: RHB Luis Pérez 0-0: Foul Ball, location: 2F
0-1: Ball
1-1: Fly out, F5 (Popup, 5SF)
Batting: RHB Hirotada Rin 0-0: Ball
1-0: Foul Ball, location: 2F
1-1: Foul Ball, location: 2F
1-2: Foul Ball, location: 2F
1-2: Foul Ball, location: 2F
1-2: Foul Ball, location: 2F
1-2: SINGLE (Line Drive, 6M)
Batting: LHB Juan Alvarado 0-0: Called Strike
0-1: Foul Ball, location: 2F
0-2: Ball
1-2: Ground out 4-3 (Groundball, 4S)
Hirotada Rin to second
Batting: RHB Ralph Sands 0-0: Ball
1-0: Ball
2-0: Ball
3-0: Called Strike
3-1: Called Strike
3-2: Foul Ball, location: 2F
3-2: Foul Ball, location: 2F
3-2: Base on Balls
Batting: RHB Lynwood Dimartínez 0-0: Ball
1-0: Ball
2-0: Fly out, F9 (Flyball, 89S)
Bottom of the 1st over - 0 runs, 1 hit, 0 errors, 2 left on base; Mancelona 0 - Grand Forks 0
TOP OF THE 2ND
Mancelona Torch batting - Pitching for Grand Forks Caterpillars : RHP Carlos Cardoso
Batting: RHB Raúl Cicerón 0-0: Ball
1-0: Ball
2-0: Foul Ball, location: 2F
2-1: Foul Ball, location: 2F
2-2: Fly out, F8 (Line Drive, 8RD)
Batting: RHB Jeff Mouton 0-0: Ball
1-0: Called Strike
1-1: Foul Ball, location: 2F
1-2: Ball
2-2: Fly out, F6 (Line Drive, 6)
Batting: LHB Badry Maksimenov 0-0: Ball
1-0: Fly out, F9 (Flyball, 9LD)
Top of the 2nd over - 0 runs, 0 hits, 0 errors, 0 left on base; Mancelona 0 - Grand Forks 0
BOTTOM OF THE 2ND
Grand Forks Caterpillars batting - Pitching for Mancelona Torch : LHP Raúl Hinojosa
Batting: RHB Xiong Phan 0-0: Called Strike
0-1: SINGLE (Line Drive, 56)
Batting: RHB Shigeaki Samurakami 0-0: Ground out 5-3 (Groundball, 2L)
Xiong Phan to second
Batting: RHB José Aguancha 0-0: Called Strike
0-1: Ball
1-1: Foul Ball, location: 2F
1-2: Foul Ball, location: 2F
1-2: Strikes out looking
Batting: LHB Jeremy Malzahn 0-0: Called Strike
0-1: Foul Ball, location: 2F
0-2: Strikes out looking
Bottom of the 2nd over - 0 runs, 1 hit, 0 errors, 1 left on base; Mancelona 0 - Grand Forks 0
TOP OF THE 3RD
Mancelona Torch batting - Pitching for Grand Forks Caterpillars : RHP Carlos Cardoso
Batting: RHB Dave Norton 0-0: Fly out, F3 (Popup, 34)
Batting: RHB Jur Prokop 0-0: Called Strike
0-1: Called Strike
0-2: Strikes out swinging
Batting: RHB Alohanani Koora 0-0: Called Strike
0-1: Fly out, F8 (Flyball, 78M)
Top of the 3rd over - 0 runs, 0 hits, 0 errors, 0 left on base; Mancelona 0 - Grand Forks 0
BOTTOM OF THE 3RD
Grand Forks Caterpillars batting - Pitching for Mancelona Torch : LHP Raúl Hinojosa
Batting: RHB Luis Pérez 0-0: Ball
1-0: Called Strike
1-1: Fly out, F8 (Flyball, 8LM)
Batting: RHB Hirotada Rin 0-0: Ball
1-0: SINGLE (Flyball, 89M)
Batting: LHB Juan Alvarado 0-0: Called Strike
0-1: Ball
1-1: SINGLE (Flyball, 9LM)
Hirotada Rin to second
Runner from 2nd tries for 3rd, SAFE, no throw
Batting: RHB Ralph Sands 0-0: Called Strike
0-1: Ball
1-1: Ball
2-1: Called Strike
2-2: 3-RUN HOME RUN (Flyball, 78XD), Distance : 415 ft
Batting: RHB Lynwood Dimartínez 0-0: Fly out, F2 (Popup, 2R)
Batting: RHB Xiong Phan 0-0: Ball
1-0: Ball
2-0: Fly out, F8 (Flyball, 78D)
Bottom of the 3rd over - 3 runs, 3 hits, 0 errors, 0 left on base; Mancelona 0 - Grand Forks 3
TOP OF THE 4TH
Mancelona Torch batting - Pitching for Grand Forks Caterpillars : RHP Carlos Cardoso
Batting: SHB Ángel Pérez 0-0: Ball
1-0: Called Strike
1-1: Foul Ball, location: 2F
1-2: SINGLE (Groundball, 34D)
Pitching: RHP David Lister
Batting: RHB José Santos 0-0: Grounds into double play, 4-6-3 (Groundball, 4)
Batting: RHB Emílio Agramónte 0-0: Ball
1-0: Ball
2-0: Fly out, F8 (Flyball, 8RXD)
Top of the 4th over - 0 runs, 1 hit, 0 errors, 0 left on base; Mancelona 0 - Grand Forks 3
BOTTOM OF THE 4TH
Grand Forks Caterpillars batting - Pitching for Mancelona Torch : LHP Raúl Hinojosa
Batting: RHB Shigeaki Samurakami 0-0: Ball
1-0: Fly out, F5 (Line Drive, 5L)
Batting: RHB José Aguancha 0-0: Fly out, F8 (Flyball, 8RD)
Batting: LHB Jeremy Malzahn 0-0: Called Strike
0-1: Ground out U3 (Groundball, 3)
Bottom of the 4th over - 0 runs, 0 hits, 0 errors, 0 left on base; Mancelona 0 - Grand Forks 3
TOP OF THE 5TH
Mancelona Torch batting - Pitching for Grand Forks Caterpillars : RHP David Lister
Batting: RHB Raúl Cicerón 0-0: Ball
1-0: Ground out 4-3 (Groundball, 4M)
Batting: RHB Jeff Mouton 0-0: Foul Ball, location: 2F
0-1: Called Strike
0-2: Foul Ball, location: 2F
0-2: Ball
1-2: Foul Ball, location: 2F
1-2: Strikes out looking
Batting: LHB Badry Maksimenov 0-0: Called Strike
0-1: Swinging Strike
0-2: Ball
1-2: Foul Ball, location: 2F
1-2: Foul Ball, location: 2F
1-2: Fly out, F4 (Popup, 4M)
Top of the 5th over - 0 runs, 0 hits, 0 errors, 0 left on base; Mancelona 0 - Grand Forks 3
BOTTOM OF THE 5TH
Grand Forks Caterpillars batting - Pitching for Mancelona Torch : LHP Raúl Hinojosa
Batting: RHB Luis Pérez 0-0: Called Strike
0-1: DOUBLE (Line Drive, 78D)
Batting: RHB Hirotada Rin 0-0: Called Strike
Luis Pérez is caught stealing 3rd base
0-1: SINGLE (Line Drive, 89S)
Batting: LHB Juan Alvarado 0-0: Ball
1-0: SINGLE (Groundball, 34S) (infield hit)
Hirotada Rin to second
Batting: RHB Ralph Sands 0-0: Ball
1-0: Foul Ball, location: 2F
1-1: Foul Ball, location: 2F
1-2: Strikes out swinging
Batting: RHB Lynwood Dimartínez 0-0: SINGLE (Groundball, 6MD)
Hirotada Rin to third
Juan Alvarado to second
Runner from 3rd tries for Home, SAFE, no throw
Batting: RHB Xiong Phan 0-0: Called Strike
0-1: Swinging Strike
0-2: Ball
1-2: Strikes out looking
Bottom of the 5th over - 1 run, 4 hits, 0 errors, 2 left on base; Mancelona 0 - Grand Forks 4
TOP OF THE 6TH
Mancelona Torch batting - Pitching for Grand Forks Caterpillars : RHP David Lister
Batting: RHB Dave Norton 0-0: Ball
1-0: Foul Ball, location: 2F
1-1: Ball
2-1: Swinging Strike
2-2: Fly out, F6 (Line Drive, 6)
Batting: RHB Jur Prokop 0-0: Ground out 6-3 (Groundball, 6)
Batting: RHB Alohanani Koora 0-0: Ball
1-0: Ball
2-0: SINGLE (Groundball, 25) (infield hit)
Batting: SHB Ángel Pérez 0-0: Ball
Alohanani Koora steals 2nd base
1-0: Ball
2-0: Swinging Strike
2-1: Swinging Strike
2-2: Strikes out swinging
Top of the 6th over - 0 runs, 1 hit, 0 errors, 1 left on base; Mancelona 0 - Grand Forks 4
BOTTOM OF THE 6TH
Grand Forks Caterpillars batting - Pitching for Mancelona Torch : LHP Raúl Hinojosa
Batting: RHB Shigeaki Samurakami 0-0: Swinging Strike
0-1: Foul Ball, location: 2F
0-2: Ball
1-2: Foul Ball, location: 2F
1-2: Ball
2-2: Ground out U3 (Groundball, 3L)
Batting: RHB José Aguancha 0-0: Swinging Strike
0-1: Ball
1-1: Ball
2-1: Ball
3-1: Base on Balls
Batting: LHB Jeremy Malzahn 0-0: Ball
1-0: Ball
2-0: Called Strike
2-1: Called Strike
2-2: Grounds into double play, 6-4-3 (Groundball, 6)
Bottom of the 6th over - 0 runs, 0 hits, 0 errors, 0 left on base; Mancelona 0 - Grand Forks 4
TOP OF THE 7TH
Mancelona Torch batting - Pitching for Grand Forks Caterpillars : RHP David Lister
Batting: RHB José Santos 0-0: Called Strike
0-1: Foul Ball, location: 2F
0-2: Fly out, F7 (Flyball, 7LSF)
Batting: RHB Emílio Agramónte 0-0: Fly out, F6 (Popup, 6MD)
Batting: RHB Raúl Cicerón 0-0: Called Strike
0-1: Ball
1-1: Foul Ball, location: 2F
1-2: DOUBLE (Line Drive, 7LM)
Batting: RHB Jeff Mouton 0-0: Foul Ball, location: 2F
0-1: SINGLE (Flyball, 7S)
Raúl Cicerón to third
Runner from 3rd tries for Home, SAFE, throw made home
Batting: LHB Badry Maksimenov 0-0: Ball
Jeff Mouton steals 2nd base
1-0: Ball
2-0: Swinging Strike
2-1: Swinging Strike
2-2: Strikes out swinging
Top of the 7th over - 1 run, 2 hits, 0 errors, 1 left on base; Mancelona 1 - Grand Forks 4
BOTTOM OF THE 7TH
Grand Forks Caterpillars batting - Pitching for Mancelona Torch : LHP Raúl Hinojosa
Batting: RHB Luis Pérez 0-0: Called Strike
0-1: Ball
1-1: Called Strike
1-2: SINGLE (Line Drive, 56D)
Batting: RHB Hirotada Rin 0-0: Called Strike
0-1: Ball
1-1: Ball
2-1: Ball
3-1: Called Strike
Luis Pérez steals 2nd base
3-2: Foul Ball, location: 2F
3-2: Fly out, F8 (Flyball, 8LD)
Batting: LHB Juan Alvarado 0-0: Ball
1-0: Called Strike
1-1: Foul Ball, location: 2F
1-2: Foul Ball, location: 2F
1-2: Strikes out swinging
Batting: RHB Ralph Sands 0-0: Ball
1-0: Swinging Strike
1-1: Ball
2-1: Ball
3-1: Base on Balls
Batting: RHB Lynwood Dimartínez 0-0: Ball
1-0: Ball
2-0: Fielders Choice at 2nd, 5-4 (Groundball, 56)
Bottom of the 7th over - 0 runs, 1 hit, 0 errors, 2 left on base; Mancelona 1 - Grand Forks 4
TOP OF THE 8TH
Mancelona Torch batting - Pitching for Grand Forks Caterpillars : RHP David Lister
Batting: RHB Dave Norton 0-0: Called Strike
0-1: Ball
1-1: Ground out U3 (Groundball, 3L)
Batting: RHB Jur Prokop 0-0: Fly out, F7 (Flyball, 78M)
Batting: RHB Alohanani Koora 0-0: Ball
1-0: DOUBLE (Groundball, 3L)
Batting: SHB Ángel Pérez 0-0: Ball
1-0: Ground out 6-3 (Groundball, 6M)
Top of the 8th over - 0 runs, 1 hit, 0 errors, 1 left on base; Mancelona 1 - Grand Forks 4
BOTTOM OF THE 8TH
Grand Forks Caterpillars batting - Pitching for Mancelona Torch : LHP Raúl Hinojosa
Pitching: RHP George Kane
Batting: RHB Xiong Phan 0-0: Ball
1-0: Ball
2-0: SINGLE (Groundball, 56D)
Batting: RHB Shigeaki Samurakami 0-0: Swinging Strike
0-1: Ball
1-1: Foul Ball, location: 2F
1-2: Strikes out looking
Batting: RHB José Aguancha 0-0: Called Strike
0-1: Ball
1-1: Ball
2-1: Fly out, F1 (Line Drive, 15S)
Batting: LHB Jeremy Malzahn 0-0: Called Strike
0-1: Ball
1-1: Foul Ball, location: 2F
1-2: Ball
2-2: Ball
3-2: TRIPLE (Line Drive, 8RXD)
Xiong Phan scores
Batting: RHB Luis Pérez 0-0: Ball
1-0: Ball
2-0: Fly out, F7 (Flyball, 78S)
Bottom of the 8th over - 1 run, 2 hits, 0 errors, 1 left on base; Mancelona 1 - Grand Forks 5
TOP OF THE 9TH
Mancelona Torch batting - Pitching for Grand Forks Caterpillars : RHP David Lister
Batting: RHB José Santos 0-0: Ball
1-0: SINGLE (Line Drive, 4D)
Batting: RHB Emílio Agramónte 0-0: Called Strike
0-1: Ball
1-1: Ball
2-1: Called Strike
2-2: Grounds into double play, 6-4-3 (Groundball, 6)
Batting: RHB Raúl Cicerón 0-0: Called Strike
0-1: Ball
1-1: Ball
2-1: SINGLE (Flyball, 3D)
Batting: RHB Jeff Mouton 0-0: Ball
1-0: Foul Ball, location: 2F
1-1: Foul Ball, location: 2F
1-2: Foul Ball, location: 2F
1-2: Foul Ball, location: 2F
1-2: Foul Ball, location: 2F
1-2: Reached on error, E5 (Groundball, 56)
Raúl Cicerón to second
Batting: LHB Badry Maksimenov 0-0: Foul Ball, location: 2F
0-1: Foul Ball, location: 2F
0-2: Foul Ball, location: 2F
0-2: Fly out, F7 (Flyball, 7S)
Top of the 9th over - 0 runs, 2 hits, 1 error, 2 left on base; Mancelona 1 - Grand Forks 5
Tuesday, June 12th, 2018 - OOTP Baseball 18.8 Build 76